Map: New Gettysburg LE

Players

Fropez

  • Race: Protoss Protoss
  • League: Gold
  • Spawn Location: 7:00

conclusion - Winner!

  • Race: Zerg Zerg
  • League: Gold
  • Spawn Location: 5:00

VOD

Have the link to the VOD?

Description

Time

  • Played on: Oct. 11, 2016, 10:39 a.m.
  • Length: 27:39
Show
View Real Time Build Order
Export as new Build Order

Fropez Protoss 

Build Orders: 1 Gate Expand 

Get SALT Encoding   

  12  0:01  Probe (Chrono Boost)  
  13  0:15  Pylon  
  13  0:18  Probe (Chrono Boost)  
  14  0:29  Probe (Chrono Boost)  
  14  0:35  Gateway  
  15  0:39  Probe (Chrono Boost)  
  16  0:50  Probe (Chrono Boost)  
  17  1:00  Probe (Chrono Boost)  
  18  1:16  Nexus  
  18  1:27  Cybernetics Core  
  18  1:34  Probe (Chrono Boost)  
  18  1:39  Assimilator  
  19  1:45  Probe (Chrono Boost)  
  20  1:58  Pylon  
  19  2:01  Pylon  
  19  2:02  Probe (Chrono Boost)  
  20  2:11  Assimilator  
  20  2:12  Probe (Chrono Boost)  
  20  2:15  Zealot (Chrono Boost)  
  23  2:24  Probe  
  23  2:28  Pylon, Probe  
  25  2:44  Gateway  
  25  2:46  Mothership Core  
  25  2:50  Probe  
  28  3:02  Probe  
  29  3:06  Probe  
  29  3:08  Warp Gate (Chrono Boost)  
  29  3:11  Pylon  
  30  3:15  Probe  
  30  3:16  Probe  
  32  3:29  Probe x2  
  32  3:30  Twilight Council  
  34  3:36  Adept  
  36  3:41  Adept  
  36  3:44  Probe  
  36  3:45  Probe  
  40  4:00  Probe  
  40  4:01  Gateway  
  41  4:11  Pylon  
  41  4:25  Probe  
  41  4:27  Probe  
  41  4:31  Resonating Glaives (Chrono Boost)  
  43  4:38  Gateway  
  43  4:45  Probe x2  
  44  4:46  Forge  
  44  4:47  Gateway  
  44  4:50  Gateway  
  44  4:51  Gateway  
  45  4:56  Assimilator  
  45  4:58  Assimilator  
  46  5:00  Pylon, Probe  
  46  5:05  Probe  
  46  5:06  Pylon  
  47  5:14  Adept  
  47  5:15  Adept  
  47  5:17  Probe  
  47  5:21  Pylon, Probe  
  52  5:25  Protoss Ground Weapons Level 1 (Chrono Boost)  
  53  5:29  Probe  
  53  5:43  Adept x2  
  53  5:44  Adept x3  
  63  6:14  Adept x5  
  63  6:15  Adept x2  
  63  6:16  Probe  
  63  6:17  Probe  
  79  6:23  Robotics Facility  
  77  6:53  Probe  
  70  6:55  Adept  
  70  6:56  Adept x4  
  70  6:57  Adept x2  
  70  7:00  Probe  
  84  7:04  Charge  
  84  7:05  Probe  
  86  7:08  Protoss Ground Weapons Level 2 (Chrono Boost)  
  86  7:18  Pylon, Dark Shrine  
  86  7:22  Probe x2  
  87  7:26  Photon Cannon  
  87  7:27  Warp Prism  
  87  7:29  Pylon  
  90  7:34  Probe  
  91  7:39  Adept x3  
  91  7:40  Adept  
  99  7:55  Adept x3  
  105  8:10  Stalker x2  
  109  8:23  Pylon  
  109  8:24  Pylon  
  109  8:33  Pylon  
  109  8:48  Nexus  
  109  8:50  Pylon  
  101  9:08  Stalker x2  
  101  9:09  Stalker x5  
  115  9:12  Immortal  
  113  9:23  Probe  
  106  9:25  Probe  
  103  9:35  Probe  
  102  9:45  Adept x2  
  104  9:46  Adept x5  
  116  9:55  Probe  
  116  9:56  Probe  
  118  10:05  Probe  
  118  10:06  Probe  
  118  10:08  Probe  
  119  10:18  Stalker x3  
  119  10:19  Stalker x4  
  119  10:20  Probe  
  133  10:22  Probe  
  133  10:24  Probe  
  136  10:29  Pylon  
  136  10:37  Assimilator  
  136  10:40  Protoss Ground Weapons Level 3 (Chrono Boost)  
  136  10:42  Assimilator  
  136  10:46  Dark Templar x4  
  144  11:15  Probe  
  144  11:17  Probe  
  146  11:21  Gateway  
  146  11:24  Gateway  
  146  11:27  Gateway  
  146  11:28  Gateway  
  146  11:29  Photon Cannon  
  146  11:30  Photon Cannon  
  146  11:36  Pylon  
  146  11:37  Probe  
  146  11:39  Pylon  
  147  11:44  Nexus  
  147  11:48  Assimilator  
  147  11:50  Assimilator  
  113  12:02  Probe  
  113  12:04  Probe  
  115  12:12  Dark Templar x2  
  115  12:13  Dark Templar x3  
  125  12:23  Observer (Chrono Boost)  
  126  12:43  Observer (Chrono Boost)  
  127  12:57  Zealot x4  
  127  12:58  Zealot x3  
  137  12:59  Zealot x3  
  137  13:01  Observer (Chrono Boost)  
  137  13:03  Dark Templar  
  150  13:08  Protoss Shields Level 1  
  133  13:20  Observer (Chrono Boost)  
  129  13:28  Stalker x3  
  135  13:36  Pylon  
  135  13:38  Pylon  
  135  13:41  Pylon  
  135  13:45  Pylon  
  135  13:57  Zealot x6  
  135  13:58  Zealot x2  
  142  14:03  Zealot  
  142  14:04  Zealot x2  
  142  14:05  Probe x2  
  141  14:14  Probe x2  
  143  14:17  Probe x2  
  145  14:27  Adept x2, Probe  
  150  14:45  Dark Templar  
  151  15:14  Observer (Chrono Boost)  
  151  15:27  Pylon  
  151  15:33  Immortal (Chrono Boost)  
  151  15:38  Dark Templar x2  
  151  15:39  Dark Templar x6  
  151  15:40  Dark Templar  
  169  15:50  Archon x5  
  169  15:51  Archon x3  
  169  16:01  Probe  
  169  16:02  Probe  
  169  16:03  Probe  
  172  16:16  Nexus, Probe x2  
  174  16:43  Zealot  
  174  16:44  Zealot x6  
  174  16:45  Zealot x2  
  160  17:05  Zealot x3  
  160  17:06  Zealot x6  
  122  17:19  Dark Templar  
  118  17:34  Observer (Chrono Boost)  
  113  17:47  Probe  
  113  18:03  Stalker x2  
  113  18:04  Stalker x6  
  113  18:05  Stalker x2  
  113  18:37  Observer (Chrono Boost)  
  102  19:00  Immortal (Chrono Boost)  
  101  19:13  Zealot x5  
  101  19:14  Zealot x2  
  115  19:25  Nexus  
  113  19:48  Mothership Core (Chrono Boost)  
  105  19:55  Zealot x5  
  105  19:56  Zealot x2  
  105  19:58  Immortal  
  121  20:15  Probe (Chrono Boost)  
  121  20:17  Probe (Chrono Boost)  
  121  20:20  Pylon  
  121  20:37  Immortal  
  121  20:42  Zealot x7  
  136  20:57  Gateway  
  136  20:59  Gateway  
  136  21:02  Pylon  
  136  21:04  Gateway  
  136  21:08  Pylon, Gateway, Templar Archives  
  136  21:09  Pylon, Gateway  
  136  21:10  Pylon  
  136  21:12  Gateway  
  136  21:19  Assimilator  
  136  21:23  Assimilator  
  136  21:26  Pylon  
  136  21:28  Pylon  
  136  21:38  Photon Cannon  
  136  21:54  High Templar x2  
  136  21:55  High Templar x5  
  136  22:00  Immortal (Chrono Boost)  
  154  22:02  Archon  
  154  22:03  Archon x2  
  154  22:08  Robotics Facility  
  154  22:15  Robotics Bay, Pylon  
  154  22:29  Protoss Shields Level 2  
  154  22:30  Psionic Storm  
  154  22:34  High Templar x5  
  154  22:35  High Templar x2  
  168  22:38  Archon x2  
  168  22:39  Archon  
  168  22:51  Assimilator  
  168  22:55  Assimilator  
  168  23:09  Nexus  
  168  23:11  Assimilator  
  168  23:15  Assimilator  
  168  23:19  Pylon  
  168  23:20  Pylon, Zealot x6  
  168  23:21  Zealot x3  
  168  23:22  Zealot x3  
  180  23:48  Colossus x2 (Chrono Boost)  
  162  23:58  Extended Thermal Lance (Chrono Boost)  
  162  24:21  High Templar x6  
  162  24:22  High Templar x2  
  166  24:33  Zealot x4  
  166  24:34  Zealot  
  168  24:53  Sentry x2  
  168  24:54  Sentry x3  
  177  25:11  Zealot x7  
  177  25:12  Zealot  
  193  25:14  Probe x2  
  193  25:15  Probe x2  
  193  25:16  Probe  
  182  25:29  Observer Gravitic Boosters (Chrono Boost)  
  182  25:31  Observer x2  
  182  25:40  Zealot x2  
  182  25:41  Zealot x6  
  182  25:42  Zealot  
  93  26:50  Archon  
  93  26:51  Archon  
  93  26:53  Zealot x4  
  93  26:54  Zealot x3  
Show
View Real Time Build Order
Export as new Build Order

conclusion Zerg - Winner!

Build Orders: 3 Hatch before Pool, Lurkers 

Get SALT Encoding   

  12  0:00  Drone  
  13  0:10  Drone  
  14  0:18  Overlord  
  14  0:25  Extractor  
  14  0:26  Extractor  
  12  0:29  Drone  
  12  0:30  Drone  
  16  0:40  Drone  
  17  0:44  Drone  
  18  0:54  Drone  
  19  1:11  Drone, Hatchery  
  19  1:28  Drone x2  
  20  1:38  Hatchery  
  19  1:51  Spawning Pool  
  19  1:52  Extractor x2  
  16  2:01  Drone x2  
  16  2:02  Drone  
  19  2:16  Drone  
  20  2:23  Drone  
  20  2:24  Drone  
  22  2:39  Queen x2  
  27  2:44  Drone  
  27  2:45  Drone  
  28  3:24  Drone  
  28  3:25  Drone x4  
  28  3:26  Drone  
  34  3:32  Hatchery  
  33  3:36  Metabolic Boost  
  33  3:41  Evolution Chamber  
  32  3:43  Evolution Chamber  
  31  3:58  Overlord x3  
  31  4:07  Drone  
  31  4:08  Drone x2  
  34  4:17  Roach Warren  
  34  4:21  Zerg Ground Armor Level 1  
  33  4:27  Zerg Melee Weapons Level 1  
  33  4:35  Queen  
  35  4:40  Queen  
  37  4:53  Drone  
  37  4:54  Drone x5  
  37  4:56  Drone  
  37  4:59  Drone  
  45  5:00  Drone  
  45  5:03  Drone  
  47  5:24  Drone  
  47  5:25  Drone x5  
  53  5:42  Zergling x12  
  59  5:47  Lair  
  59  5:48  Pneumatized Carapace  
  59  6:05  Roach  
  59  6:06  Roach  
  59  6:07  Overlord x2  
  59  6:08  Overlord x4  
  63  6:16  Zerg Missile Weapons Level 1  
  63  6:32  Roach x3  
  77  6:33  Roach x12  
  86  6:55  Zerg Ground Armor Level 2  
  86  7:12  Hydralisk Den  
  86  7:14  Roach  
  87  7:16  Drone  
  87  7:17  Drone x7  
  87  7:21  Extractor x2  
  93  7:33  Hatchery  
  92  7:42  Overseer  
  92  7:43  Overseer  
  91  8:01  Hydralisk x3  
  97  8:09  Zerg Melee Weapons Level 2  
  97  8:24  Drone  
  97  8:25  Drone x6  
  97  8:26  Drone x2  
  106  8:30  Drone x5  
  106  8:31  Drone  
  112  8:35  Overlord x4  
  112  8:44  Queen  
  96  9:00  Zergling x4  
  96  9:01  Zergling x22  
  67  9:51  Hydralisk  
  67  9:52  Hydralisk x11  
  90  10:16  Hydralisk  
  90  10:17  Hydralisk x3  
  98  10:21  Drone  
  98  10:22  Drone x3  
  102  10:50  Drone  
  102  10:51  Drone x15  
  102  10:52  Drone  
  119  11:01  Queen  
  105  11:21  Drone x13  
  105  11:22  Drone x3  
  121  11:36  Drone x3  
  121  11:38  Drone x3  
  107  12:08  Drone x15  
  112  12:09  Drone x3  
  112  12:12  Queen x2  
  112  12:13  Extractor  
  112  12:14  Extractor  
  127  12:18  Lurker Den  
  127  12:26  Zerg Missile Weapons Level 2  
  127  12:39  Drone x6  
  133  12:49  Overlord x2  
  133  12:50  Overlord  
  133  13:04  Zergling x2  
  133  13:05  Zergling x18  
  143  13:06  Zergling x2  
  144  13:13  Infestation Pit  
  137  13:25  Zergling x14  
  137  13:26  Zergling x4  
  146  13:45  Zergling x2  
  146  13:46  Zergling x24  
  159  13:49  Lurker x3  
  159  13:50  Lurker x4  
  159  13:52  Lurker  
  159  13:53  Lurker  
  165  14:21  Overlord x2  
  165  14:22  Overlord x4  
  165  14:48  Hydralisk x7  
  165  14:49  Hydralisk x4  
  187  14:57  Zergling x2  
  187  14:58  Zergling x2  
  189  15:11  Spore Crawler x2  
  189  15:12  Spore Crawler  
  189  15:13  Spine Crawler  
  189  15:14  Spore Crawler  
  184  15:15  Spine Crawler  
  184  15:16  Overseer x3, Spine Crawler  
  184  15:19  Spine Crawler  
  181  15:45  Drone x7, Hydralisk Den  
  181  15:46  Drone x5  
  192  16:07  Spine Crawler x2  
  192  16:09  Spine Crawler x2, Drone  
  192  16:10  Drone x3  
  192  16:11  Spore Crawler  
  192  16:12  Spine Crawler  
  192  16:13  Spore Crawler  
  187  16:45  Hydralisk  
  187  16:46  Hydralisk x5  
  130  17:13  Zergling x2  
  130  17:14  Zergling x22  
  137  17:17  Hive  
  124  18:24  Zergling x24  
  136  18:38  Hydralisk x4  
  114  19:12  Lurker Den  
  114  19:28  Hatchery  
  113  19:32  Hydralisk x9  
  113  19:33  Hydralisk x15  
  161  19:45  Hatchery  
  151  19:55  Zerg Ground Armor Level 3, Zerg Missile Weapons Level 3  
  151  20:09  Zergling x2  
  151  20:10  Zergling x14  
  159  20:28  Ultralisk Cavern  
  158  20:31  Adrenal Glands  
  158  20:41  Lurker x2  
  160  20:43  Lurker  
  153  21:15  Extractor  
  153  21:16  Extractor  
  151  21:20  Spore Crawler  
  151  21:23  Spore Crawler  
  151  21:24  Spine Crawler, Spore Crawler  
  151  21:25  Spine Crawler  
  146  21:26  Spine Crawler  
  146  21:28  Spine Crawler  
  146  21:29  Spine Crawler  
  146  21:30  Spine Crawler  
  142  21:49  Chitinous Plating  
  142  22:12  Extractor, Drone x3  
  142  22:13  Drone, Hatchery  
  142  22:14  Drone x2  
  146  22:16  Extractor  
  145  22:32  Zerg Melee Weapons Level 3  
  145  22:39  Ultralisk x3  
  163  23:00  Lurker x2  
  163  23:01  Lurker x5  
  170  23:11  Zergling x20  
  179  23:54  Ultralisk x2  
  179  23:55  Ultralisk  
  195  24:50  Hydralisk x2  
  67  27:18  Zergling x2  
  67  27:19  Zergling x28  
Tags
 
Add a new tag
Caveats
  • Supply blocks, unpowered buildings, or Contaminate may cause inaccurate times.
  • Supply counts are checked every 10 seconds.